 Dungeon Crawl Stone Soup version 0.30-a0-847-g17996783a1 (webtiles) character file.

Game seed: 7646974184597741820

186 Maxmaps the Arsonist (level 5, 0/38 HPs)
             Began as a Gnoll Wanderer on Mar 4, 2023.
             Slain by an adder (3 damage)
             ... on level 3 of the Dungeon.
             The game lasted 00:03:41 (1937 turns).

Maxmaps the Arsonist (Gnoll Wanderer)               Turns: 1937, Time: 00:03:41

Health: 0/38       AC:  7    Str:  8 (9)  XL:     5   Next: 66%
Magic:  11/14      EV:  9    Int: 14 (17) God:
Gold:   166        SH:  0    Dex:  8 (10) Spells: 16/18 levels left

rFire   + . .      SeeInvis .    h - staff of conjuration
rCold   . . .      Faith    .    (no shield)
rNeg    . . .      Spirit   .    e - +0 ring mail {rF+}
rPois   .          Reflect  .    b - +0 helmet
rElec   .          Rampage  .    (no cloak)
rCorr   .                        (no gloves)
Will    .....                    d - +0 pair of boots
Stlth   ++                       (no amulet)
HPRegen 0.26/turn                (no ring)
MPRegen 0.14/turn                (no ring)

@: flying
A: fangs 1, strong nose, distributed training
a: no special abilities


You were on level 3 of the Dungeon.
You visited 1 branch of the dungeon, and saw 3 of its levels.

You collected 166 gold pieces.

Inventory:

Hand Weapons
 a - a +0 dagger
Armour
 b - a +0 helmet (worn)
 d - a +0 pair of boots (worn)
 e - a +0 ring mail of fire resistance (worn)
Magical Staves
 h - a staff of conjuration (weapon)
Scrolls
 c - a scroll of butterflies {unknown}
 f - a scroll of fear {unknown}
 g - 3 scrolls of poison {unknown}
 i - a scroll of enchant armour {unknown}
 l - a scroll of noise {unknown}
 m - 3 scrolls of teleportation {unknown}
 n - a scroll of immolation {unknown}
 o - a scroll of brand weapon {unknown}
 p - a scroll of vulnerability {unknown}
 r - a scroll of acquirement {unknown}
 s - a scroll of identify {unknown}
Potions
 q - a potion of might


   Skills:
 + Level 1.6 Fighting
 + Level 1.6 Short Blades
 + Level 1.6 Long Blades
 + Level 1.6 Axes
 + Level 1.6 Maces & Flails
 + Level 1.6 Polearms
 + Level 1.6 Staves
 + Level 1.6 Ranged Weapons
 + Level 1.6 Throwing
 + Level 1.6 Armour
 + Level 1.6 Dodging
 + Level 4.5 Stealth
 + Level 1.6 Shields
 + Level 1.6 Unarmed Combat
 + Level 7.3 Spellcasting
 + Level 1.3 Conjurations
 + Level 1.3 Hexes
 + Level 1.3 Summonings
 + Level 1.3 Necromancy
 + Level 1.3 Translocations
 + Level 1.3 Transmutations
 + Level 8.9 Fire Magic
 + Level 1.3 Ice Magic
 + Level 1.3 Air Magic
 + Level 1.3 Earth Magic
 + Level 1.3 Poison Magic
 + Level 1.9 Invocations
 + Level 1.6 Evocations


You had 16 spell levels left.
You knew the following spells:

 Your Spells              Type           Power      Damage    Failure   Level
a - Foxfire               Conj/Fire      100%       2x1d9     4%          1
b - Sandblast             Erth           16%        2d6       24%         1

Your spell library contained the following spells:

 Spells                   Type           Power      Damage    Failure   Level
 Ignite Poison            Fire/Tmut/Pois 15%        N/A       26%         3
 Kindle Blastsparks       Fire/Tloc/Air  30%        2d12      26%         3
 Ensorcelled Hibernation  Hex/Ice        16%        N/A       34%         2
 Lesser Beckoning         Tloc           16%        N/A       34%         2
 Sticky Flame             Conj/Fire      29%        2d5       45%         4
 Gell's Gravitas          Tloc           8%         N/A       56%         3
 Spider Form              Tmut/Pois      8%         N/A       56%         3
 Stone Arrow              Conj/Erth      26%        3d8       56%         3
 Teleport Other           Tloc           8%         N/A       56%         3
 Anguish                  Hex/Necr       4%         N/A       93%         4
 Ignition                 Fire           15%        3d6       100%        8


Dungeon Overview and Level Annotations

Branches:
Dungeon (3/15)

Altars:
Makhleb

Annotations:
D:3 Grinder


Innate Abilities, Weirdness & Mutations

You have very sharp teeth.
Your uncanny sense of smell can sniff out nearby items.
Your experience applies equally to all skills.


Message History

The foxfire hits Grinder!
Grinder is moderately wounded.
Grinder rolls her eyes.
Grinder hits you.
* * * LOW HITPOINT WARNING * * *
The goblin hits you but does no damage. The adder bites you but does no damage.
It was a potion of degeneration.
There was something very wrong with that liquid.
You feel weakened.
You feel dopey.
You feel clumsy. The adder bites you.
* * * LOW HITPOINT WARNING * * *
You are poisoned.
The adder poisons you! Grinder barely misses you.
The goblin closely misses you.
Okay, then.
* * * LOW HITPOINT WARNING * * *
You feel sick.
Grinder blinks!
The adder bites you but does no damage. The goblin attacks as you move away!
The goblin barely misses you.
* * * LOW HITPOINT WARNING * * *
You feel sick.
Your magical contamination has completely faded away.
The adder attacks as you move away! The adder bites you but does no damage.
The goblin attacks as you move away! The goblin hits you but does no damage.
* * * LOW HITPOINT WARNING * * *
You feel sick.
* * * LOW HITPOINT WARNING * * *
You feel sick.
You are no longer poisoned.
The adder closely misses you. The adder attacks as you move away!
The adder closely misses you. The goblin attacks as you move away!
The goblin barely misses you. The adder bites you but does no damage.
The goblin attacks as you move away! The goblin hits you but does no damage.
You see here a giant cockroach corpse.
The goblin attacks as you move away! The goblin hits you but does no damage.
The adder closely misses you.
Casting: Foxfire (safe; 4% risk of failure)
Confirm with . or Enter, or press ? or * to list all spells.
You feel a surge of power!
You conjure some foxfire!
The adder bites you.
You die...

######## ##
#......### ..#
#........## ...#
#.........##
....#
#...###....###
.....# #...#
###....###
......#####...#
##......
...[...gS@v...#
##.....
.........###...#
###...
.........†##...#
####
.....(.....#####
............##
.............##
..............#
........$.....#
..............#


You could see an adder (ally target) and a goblin.

Vanquished Creatures
  Natasha (thrice) (D:2)
  Robin (D:1)
  2 adders (D:2)
  A worm (D:2)
  2 dart slugs
  8 endoplasms
  3 giant cockroaches
  12 goblins
  5 hobgoblins
  6 jackals
  2 quokkas (D:1)
  5 ball pythons
  5 bats (D:1)
  4 frilled lizards
  4 kobolds
  9 rats
72 creatures vanquished.

Vanquished Creatures (collateral kills)
  A foxfire (D:2)
1 creature vanquished.

Vanquished Creatures (others)
  63 foxfires
  7 plants (D:2)
70 creatures vanquished.

Grand Total: 143 creatures vanquished

Notes
Turn   | Place    | Note
-------+----------+-------------------------------------------
     0 | D:1      | Maxmaps the Gnoll Wanderer began the quest for the Orb.
     0 | D:1      | Maxmaps set off with the following items: a +0 dagger, a
                  | potion of curing, a +0 robe, a +0 pair of boots; and the
                  | following spells available to memorise: Foxfire, Ignite
                  | Poison, Kindle Blastsparks, Sandblast, Stone Arrow.
     0 | D:1      | Reached XP level 1. HP: 13/13 MP: 8/8
    27 | D:1      | Learned a level 1 spell: Foxfire
   143 | D:1      | Reached XP level 2. HP: 16/19 MP: 8/10
   351 | D:1      | Reached XP level 3. HP: 25/25 MP: 9/11
   491 | D:1      | Reached skill level 1 in Invocations
   784 | D:2      | Learned a level 1 spell: Sandblast
   897 | D:2      | Noticed Robin
   901 | D:2      | Reached skill level 1 in Fighting
   901 | D:2      | Reached skill level 1 in Short Blades
   901 | D:2      | Reached skill level 1 in Long Blades
   901 | D:2      | Reached skill level 1 in Axes
   901 | D:2      | Reached skill level 1 in Maces & Flails
   901 | D:2      | Reached skill level 1 in Polearms
   901 | D:2      | Reached skill level 1 in Staves
   901 | D:2      | Reached skill level 1 in Ranged Weapons
   901 | D:2      | Reached skill level 1 in Throwing
   901 | D:2      | Reached skill level 1 in Armour
   901 | D:2      | Reached skill level 1 in Dodging
   901 | D:2      | Reached skill level 1 in Shields
   901 | D:2      | Reached skill level 1 in Unarmed Combat
   901 | D:2      | Reached skill level 1 in Evocations
   901 | D:2      | Noticed Natasha
   922 | D:2      | Reached XP level 4. HP: 7/31 MP: 11/13
  1059 | D:1      | Killed Robin
  1124 | D:2      | Reached skill level 1 in Conjurations
  1124 | D:2      | Reached skill level 1 in Hexes
  1124 | D:2      | Reached skill level 1 in Summonings
  1124 | D:2      | Reached skill level 1 in Necromancy
  1124 | D:2      | Reached skill level 1 in Translocations
  1124 | D:2      | Reached skill level 1 in Transmutations
  1124 | D:2      | Reached skill level 1 in Ice Magic
  1124 | D:2      | Reached skill level 1 in Air Magic
  1124 | D:2      | Reached skill level 1 in Earth Magic
  1124 | D:2      | Reached skill level 1 in Poison Magic
  1155 | D:2      | Killed Natasha
  1277 | D:2      | Noticed Natasha
  1285 | D:2      | Killed Natasha
  1286 | D:2      | Reached XP level 5. HP: 25/37 MP: 11/14
  1338 | D:2      | Noticed Natasha
  1349 | D:2      | Killed Natasha
  1797 | D:3      | Found a burning altar of Makhleb.
  1797 | D:3      | Noticed an Executioner
  1800 | D:3      | Noticed a neqoxec
  1800 | D:3      | Noticed a neqoxec
  1916 | D:3      | Noticed Grinder
  1929 | D:3      | HP: 1/38 [poisoned by an adder]
  1937 | D:3      | Slain by an adder

Illustrated notes

Levels and vault maps discovered:
D:1:      dpeg_arrival_fog, layout_basic, amcnicky_mini_rare_corridor_liquid,
          fountainhead
D:2:      layout_basic, amcnicky_mini_pool_small, grunt_decor_one_mirror,
          serial_bayou_pond_b, uniq_natasha, uniq_robin
D:3:      minmay_angry_zag, layout_basic, makhleb_altar_promises_db,
          serial_curves, eino_curves_02, eino_curves_02, grunt_ministairs_9,
          patterned_corridor, uniq_sigmund, uniq_grinder

Skill      XL: |  1  2  3  4 |
---------------+-------------+-----
Invocations    | 1 |  1.9
Fighting       | 1 |  1.6
Short Blades   | 1 |  1.6
Long Blades    | 1 |  1.6
Axes           | 1 |  1.6
Maces & Flails | 1 |  1.6
Polearms       | 1 |  1.6
Staves         | 1 |  1.6
Ranged Weapons | 1 |  1.6
Throwing       | 1 |  1.6
Armour         | 1 |  1.6
Dodging        | 1 |  1.6
Shields        | 1 |  1.6
Unarmed Combat | 1 |  1.6
Evocations     | 1 |  1.6
Conjurations   | 1 |  1.3
Hexes          | 1 |  1.3
Summonings     | 1 |  1.3
Necromancy     | 1 |  1.3
Translocations | 1 |  1.3
Transmutations | 1 |  1.3
Ice Magic      | 1 |  1.3
Air Magic      | 1 |  1.3
Earth Magic    | 1 |  1.3
Poison Magic   | 1 |  1.3
Stealth        | |  4.5
Spellcasting   | |  7.3
Fire Magic     | |  8.9

Action                     |  1- 3 |  4- 6 || total
---------------------------+-------+-------++-------
  Melee: Dagger            |    76 |    34 ||   110
         Bite              |     7 |    12 ||    19
         Punch             |     2 |     2 ||     4
         Staff             |       |   100 ||   100
   Cast: Foxfire           |    20 |    19 ||    39
         Sandblast         |       |     8 ||     8
    Use: Potion            |     2 |     2 ||     4
   Stab: Sleeping          |     3 |     1 ||     4
 Armour: Ring mail         |    46 |    83 ||   129
  Dodge: Dodged            |    47 |   107 ||   154

Table legend: (Time is in decaauts)
 A = Elapsed time spent in this place.
 B = Non-inter-level travel time spent in this place.
 C = Inter-level travel time spent in this place.
 D = Time resting spent in this place.
 E = Time spent auto-exploring this place.
 F = Levels seen in this place.
 G = Mean time per level.
                   A        B        C        D        E       F      G
               +--------+--------+--------+--------+--------+-----+--------+
         Total |   1955 |   1914 |     41 |    143 |   1206 |   3 |  651.7 |
       Dungeon |   1955 |   1914 |     41 |    143 |   1206 |   3 |  651.7 |
               +--------+--------+--------+--------+--------+-----+--------+

Top non-repeatable levels by time:
     D:1: 941 daAuts
     D:2: 694 daAuts
     D:3: 319 daAuts
